 Dungeon Crawl Stone Soup version 0.18.1-50-g88ac8fd (webtiles) character file.

260 mkm the Chopper (level 5, -2/48 HPs)
             Began as a Minotaur Berserker on Oct 2, 2016.
             Was a Priest of Trog.
             Killed by divine providence
             ... invoked by an orc priest
              (14 damage)
             ... on level 3 of the Dungeon.
             The game lasted 00:22:07 (2702 turns).

mkm the Chopper (Minotaur Berserker)                Turns: 2702, Time: 00:22:08

Health: -2/48      AC: 10    Str: 22    XL:     5   Next: 95%
Magic:  4/4        EV: 11    Int:  4    God:    Trog [***...]
Gold:   105        SH:  0    Dex: 10    Spells: 0 memorised, 4 levels left

rFire  . . .     SeeInvis .     B - +2 hand axe (elec)
rCold  . . .     Gourm    .     r - +0 scale mail
rNeg   . . .     Faith    .     (no shield)
rPois  .         Spirit   .     (helmet restricted)
rElec  .         Dismiss  .     h - +2 cloak
rCorr  .         Reflect  .     (no gloves)
SustAt .         Harm     .     (no boots)
MR     .....                    (no amulet)
Stlth  ..........               (no ring)
                                (no ring)

@: exhausted, slowed, very slow, not resistant to hostile enchantments,
extremely unstealthy
A: retaliatory headbutt, horns 2
a: Berserk, Trog's Hand, Burn Spellbooks, Renounce Religion


You were on level 3 of the Dungeon.
You worshipped Trog.
Trog was most pleased with you.
You were very hungry.

You visited 1 branch of the dungeon, and saw 3 of its levels.

You collected 105 gold pieces.

Inventory:

Hand Weapons
 a - a +0 hand axe
 i - a +0 hunting sling
 l - a +2 quarterstaff of chaos
 B - a +2 hand axe of electrocution (weapon)
 E - a +1 short sword of venom
Missiles
 u - 55 stones (quivered)
Armour
 b - a +0 animal skin
 h - a +2 cloak (worn)
 r - a +0 scale mail (worn)
Jewellery
 m - an uncursed ring of ice {unknown}
 o - an uncursed amulet of rage {unknown}
 t - an uncursed ring of protection from cold {unknown}
Scrolls
 d - a scroll of magic mapping {unknown}
 e - a scroll of fog
 j - a scroll of immolation
 n - a scroll of remove curse {unknown}
Potions
 f - 2 potions of flight {unknown}
 g - a potion of haste
 k - a potion of degeneration {unknown}
 s - a potion of ambrosia {unknown}
 x - a potion of invisibility {unknown}
 z - a potion of agility {unknown}
Comestibles
 c - 2 bread rations


   Skills:
 + Level 5.1 Fighting
 + Level 5.3 Axes
 + Level 3.9 Armour
 + Level 3.8 Dodging


You had 4 spell levels left.
You didn't know any spells.

Dungeon Overview and Level Annotations

Branches:
Dungeon (3/15)

Altars:
Cheibriados
Sif Muna


Innate Abilities, Weirdness & Mutations

You reflexively headbutt those who attack you in melee.
You have a pair of horns on your head.


Message History

Trog accepts your kill.
You hit the orc. Your headbutt misses the orc.
The orc is lightly wounded.
The orc hits you but does no damage.
The orc priest mumbles some strange prayers to Beogh against you.
Beogh smites you!
* * * LOW HITPOINT WARNING * * *
The orc hits you but does no damage.
Your scale mail prevents you from hitting the orc.
Your headbutt misses the orc.
The orc is lightly wounded.
The orc barely misses you.
The orc priest miscasts a cantrip.
The orc priest casts a cantrip, but nothing happens.
You hit the orc.
There is a sudden explosion of sparks!
You kill the orc!
Trog accepts your kill.
The orc priest invokes the aid of Beogh against you.
Beogh smites you!
You die...

#....o##....
#.....##.#.#
#...oo##.#.##
##....o.h)...# #
#.......#)#..#.#
#.#####.#)#.†#.#
#. #.....o.).†.#
#. #.##.####o#.#
.. #.# #@#...
#.. ..# #.# ###
## ........#
...#####.# ...#
#.# ##.# ... #.#
#.# #.#


You could see an orc priest.

Vanquished Creatures
  A giant frog zombie (D:3)
  Crazy Yiuf (D:2)
  Ijyb (D:2)
  Jessica (D:2)
  Terence (D:2)
  3 adders (D:2)
  A worm (D:2)
  2 dart slugs (D:2)
  2 giant geckos
  8 orcs (D:3)
  7 bats
  4 giant cockroaches
  9 goblins
  10 hobgoblins
  4 jackals (D:3)
  2 quokkas (D:2)
  A ball python (D:2)
  4 giant newts
  7 kobolds
  7 rats
76 creatures vanquished.

Notes
Turn   | Place    | Note
--------------------------------------------------------------
     0 | D:1      | mkm the Minotaur Berserker began the quest for the Orb.
     0 | D:1      | Reached XP level 1. HP: 19/19 MP: 0/0
   217 | D:1      | Reached XP level 2. HP: 27/27 MP: 1/1
   522 | D:1      | Reached ** piety under Trog
   588 | D:1      | Reached XP level 3. HP: 30/33 MP: 2/2
  1221 | D:2      | Noticed Ijyb
  1232 | D:2      | Killed Ijyb
  1232 | D:2      | Reached XP level 4. HP: 32/41 MP: 3/3
  1417 | D:2      | Noticed Jessica
  1424 | D:2      | Killed Jessica
  1476 | D:2      | Found a snail-covered altar of Cheibriados.
  1617 | D:2      | Noticed Terence
  1632 | D:2      | Killed Terence
  1632 | D:2      | Reached skill level 5 in Axes
  1632 | D:2      | Reached XP level 5. HP: 20/47 MP: 4/4
  2099 | D:2      | Noticed Crazy Yiuf
  2105 | D:2      | Killed Crazy Yiuf
  2105 | D:2      | Reached skill level 5 in Fighting
  2502 | D:2      | Found a deep blue altar of Sif Muna.
  2686 | D:3      | Reached *** piety under Trog
  2702 | D:3      | Killed from afar by an orc priest

Skill      XL: |  1  2  3  4  5 |
---------------+----------------+-----
Axes           | 4 5 |  5.3
Fighting       | 4 5 |  5.1
Armour         | 3 |  3.9
Dodging        | 3 |  3.8

Action                   |  1- 3 |  4- 6 || total
-------------------------+-------+-------++-------
Melee: Hand axe          |    95 |    75 ||   170
       Headbutt          |    13 |    10 ||    23
Invok: Berserk           |       |     2 ||     2
  Use: Scroll            |     4 |     2 ||     6
  Eat: Meat ration       |     1 |       ||     1
       Beef jerky        |       |     1 ||     1
Armor: Animal skin       |    20 |       ||    20
       Scale mail        |    19 |    33 ||    52
Dodge: Dodged            |    56 |    54 ||   110
